 Dungeon Crawl Stone Soup version 0.29-a0-275-g389c0b56f3 (webtiles) character file.

Game seed: 11124861950120124002

2449 Morbidden the Grappler (level 9, -2/83 HPs)
             Began as a Troll Transmuter on Mar 10, 2022.
             Was an Initiate of Cheibriados.
             Succumbed to a killer bee's poison
             ... on level 8 of the Dungeon.
             The game lasted 00:10:20 (6127 turns).

Morbidden the Grappler (Troll Transmuter)           Turns: 6127, Time: 00:10:20

Health: -2/83      AC:  4    Str: 21    XL:     9   Next: 25%
Magic:  10/13      EV: 10    Int: 14    God:    Cheibriados [......]
Gold:   471        SH:  0    Dex: 11    Spells: 4/14 levels left

rFire   . . .      SeeInvis .     - Unarmed
rCold   . . .      Faith    .   (no shield)
rNeg    . . .      Spirit   +   a - +0 robe
rPois   .          Reflect  .   (helmet restricted)
rElec   .          Harm     .   (no cloak)
rCorr   .          Rampage  .   (gloves unavailable)
Will    .....                   (boots unavailable)
Stlth   +.........              w - amulet of guardian spirit
HPRegen 1.03/turn               (no ring)
MPRegen 0.13/turn               (no ring)

@: lethally poisoned (-2 -> -15), very slow
A: large, unfitting armour, claws 3, regeneration 1, shaggy fur 1, tough skin 1
a: Renounce Religion


You were on level 8 of the Dungeon.
You worshipped Cheibriados.
Cheibriados was noncommittal.
You visited 2 branches of the dungeon, and saw 9 of its levels.

You collected 471 gold pieces.

Inventory:

Missiles
 i - 10 poisoned darts (quivered)
 j - 2 curare-tipped darts
 o - a throwing net
Armour
 a - a +0 robe (worn)
 p - an orb of light
Jewellery
 s - a ring of ice
 w - an amulet of guardian spirit (around neck)
Wands
 d - a wand of charming (7)
 x - a wand of iceblast (9)
Scrolls
 b - 2 scrolls of immolation {unknown}
 c - a scroll of noise {unknown}
 e - 4 scrolls of enchant armour {unknown}
 h - 7 scrolls of identify {unknown}
 k - 4 scrolls of fog {unknown}
 l - 6 scrolls of teleportation {unknown}
 n - a scroll of brand weapon {unknown}
 q - 2 scrolls of enchant weapon {unknown}
 r - a scroll of vulnerability {unknown}
 t - a scroll of blinking {unknown}
 u - a scroll of torment {unknown}
Potions
 g - a potion of brilliance
 m - a potion of degeneration {unknown}
 v - a potion of mutation {unknown}
 z - a potion of curing {unknown}
 A - a potion of resistance {unknown}


   Skills:
 * Level 3.3 Fighting
 + Level 1.7 Throwing
 * Level 4.1 Dodging
 + Level 0.5 Stealth
 * Level 8.3 Unarmed Combat
 * Level 3.4 Spellcasting
 * Level 3.4 Transmutations
 * Level 1.4 Poison Magic


You had 4 spell levels left.
You knew the following spells:

 Your Spells              Type           Power      Damage    Failure   Level
a - Beastly Appendage     Tmut           24%        N/A       4%          1
b - Spider Form           Tmut/Pois      9%         N/A       22%         3
c - Ice Form              Ice/Tmut       7%         N/A       69%         4
z - Wereblood             Tmut           12%        N/A       8%          2

Your spell library contained the following spells:

 Spells                   Type           Power      Damage    Failure   Level
 Magic Dart               Conj           8%         1d3       21%         1
 Call Imp                 Summ           2%         N/A       30%         2
 Scorch                   Fire           4%         2d5       30%         2
 Sublimation of Blood     Necr           2%         N/A       30%         2
 Mephitic Cloud           Conj/Pois/Air  3%         N/A       45%         3
 Dazzling Flash           Conj/Hex       4%         N/A       52%         3
 Petrify                  Tmut/Erth      7%         N/A       69%         4
 Flame Wave               Conj/Fire      2%         2d4       90%         4
 Irradiate                Conj/Tmut      3%         3d15      95%         5
 Agony                    Necr           2%         N/A       99%         5
 Silence                  Hex/Air        1%         N/A       99%         5
 Summon Cactus Giant      Summ           1%         N/A       100%        6


Dungeon Overview and Level Annotations

Branches:
Dungeon (8/15)             Temple (1/1) D:7
   Lair: D:8-11

Altars:
Ashenzari
Cheibriados
Dithmenos
Elyvilon
Gozag
Hepliaklqana
Kikubaaqudgha
Ru
Uskayaw
Wu Jian
Zin
The Shining One

Portals:
Abyss: D:4

Annotations:
D:4 2 transporters, iamserjio's ghost, amateur OpTm


Innate Abilities, Weirdness & Mutations

You are too large for most types of armour.
You have claws for hands.
Your natural rate of healing is unusually fast.
You are covered in fur. (AC +1)
You have tough skin. (AC +1)


Message History

The killer bee stings you.
* * * LOW HITPOINT WARNING * * *
Okay, then.
You bump into the rock wall.
* * * LOW HITPOINT WARNING * * *
You feel very sick. The killer bee closely misses you.
The killer bee misses you.
Unknown command.
You bump into the rock wall.
* * * LOW HITPOINT WARNING * * *
You feel very sick. The killer bee stings you.
The killer bee barely misses you.
Unknown command.
You barely miss the killer bee.
The killer bee is heavily wounded.
* * * LOW HITPOINT WARNING * * *
You feel very sick. The killer bee stings you!
* * * LOW HITPOINT WARNING * * *
Unknown command.
Unknown command.
You bump into the rock wall.
You feel less invigorated.
You feel less confused.
* * * LOW HITPOINT WARNING * * *
You feel very sick. The killer bee closely misses you. x2
Unknown command.
You closely miss the killer bee.
The killer bee is heavily wounded.
* * * LOW HITPOINT WARNING * * *
You feel very sick. The killer bee stings you.
You are more poisoned.
The killer bee poisons you!
The killer bee stings you but does no damage.
Unknown command.
Unknown command.
You closely miss the killer bee.
The killer bee is heavily wounded.
You die...

#...##.#...((..
......# .....
#.#..## ....(.
##.#.# .. #.#
#....##.# #..##
+#..#.<..#
#..##
#.....####
##..# ....###
#y## ....#
##@#### .####
#.....#
.########
#.###...#
........#####
#.# #...
............#
#.# #.
........###.#
#.# ###.#####
#####.#
#.#########...#
#.#)...(....###


You could see a killer bee.

Vanquished Creatures
  Sigmund (D:7)
  2 wyverns (D:7)
  Edmund (D:7)
  2 water moccasins
  An ice beast (D:6)
  2 ogres
  A centaur (D:6)
  A phantom (D:5)
  A kobold brigand (D:7)
  A gnoll sergeant (D:6)
  2 bullfrogs
  5 scorpions
  A killer bee (D:8)
  A jelly (D:7)
  3 hounds
  4 orc priests (D:5)
  A gnoll shaman (D:7)
  Terence (D:3)
  2 iguanas (D:5)
  2 orc wizards
  12 gnolls
  6 adders
  A shadow imp (D:5)
  2 ufetubi
  A worm (D:3)
  2 dart slugs
  8 orcs
  11 ball pythons
  2 bats (D:2)
  8 endoplasms
  4 giant cockroaches
  6 goblins
  5 hobgoblins
  6 jackals
  14 kobolds
  3 quokkas
  6 frilled lizards
  A rat (D:3)
133 creatures vanquished.

Notes
Turn   | Place    | Note
-------+----------+-------------------------------------------
     0 | D:1      | Morbidden the Troll Transmuter began the quest for the Orb.
     0 | D:1      | Reached XP level 1. HP: 18/18 MP: 1/1
   349 | D:1      | Reached XP level 2. HP: 26/26 MP: 0/3
   612 | D:2      | Reached skill level 1 in Fighting
   754 | D:2      | Learned a level 2 spell: Wereblood
   785 | D:2      | Found a faded altar of an unknown god.
   842 | D:2      | Reached XP level 3. HP: 29/33 MP: 2/4
  1157 | D:2      | Reached XP level 4. HP: 4/41 MP: 5/5
  1566 | D:3      | Noticed Terence
  1575 | D:3      | Killed Terence
  1576 | D:3      | Reached skill level 4 in Unarmed Combat
  1906 | D:3      | Reached XP level 5. HP: 45/48 MP: 7/7
  2249 | D:4      | Reached XP level 6. HP: 57/57 MP: 8/8
  2415 | D:4      | Found a transporter.
  2415 | D:4      | Found a one-way gate to the infinite horrors of the Abyss.
  2415 | D:4      | Noticed iamserjio's ghost (amateur OpTm)
  2440 | D:4      | Noticed a small abomination
  2441 | D:4      | Noticed a small abomination
  2475 | D:4      | Found a transporter.
  2615 | D:5      | Entered Level 5 of the Dungeon
  2640 | D:5      | Reached skill level 5 in Unarmed Combat
  2790 | D:5      | Noticed a water moccasin
  2793 | D:5      | Killed a water moccasin
  2794 | D:5      | Reached XP level 7. HP: 65/65 MP: 9/9
  3338 | D:5      | Reached skill level 1 in Throwing
  3341 | D:5      | Reached skill level 6 in Unarmed Combat
  3856 | D:6      | Reached XP level 8. HP: 69/74 MP: 8/11
  4246 | D:6      | Reached skill level 7 in Unarmed Combat
  4397 | D:6      | Learned a level 3 spell: Spider Form
  5064 | D:7      | Found a staircase to the Ecumenical Temple.
  5086 | Temple   | Entered the Ecumenical Temple
  5095 | Temple   | Became a worshipper of Cheibriados the Contemplative
  5141 | D:7      | Reached skill level 1 in Poison Magic
  5222 | D:7      | Noticed Edmund
  5234 | D:7      | Killed Edmund
  5261 | D:7      | Noticed Sigmund
  5265 | D:7      | Killed Sigmund
  5266 | D:7      | Reached skill level 8 in Unarmed Combat
  5266 | D:7      | Reached XP level 9. HP: 83/83 MP: 8/13
  5343 | D:7      | Found a hide-covered altar of Uskayaw.
  5964 | D:8      | Learned a level 4 spell: Ice Form
  6121 | D:8      | HP: 3/83 [killer bee (2)]
  6122 | D:8      | HP: 1/83 [poisoned by a killer bee]
  6127 | D:8      | Succumbed to a killer bee's poison

Illustrated notes

Levels and vault maps discovered:
D:1:      enne_arrival_octagon_isle, layout_rooms
D:2:      layout_basic, shapermc_ecumenical_altar_notcrosses
D:3:      layout_basic, uniq_terence
D:4:      layout_rooms, gammafunk_ghost_abyssal_escape
D:5:      layout_gridville
D:6:      layout_loops_corners
D:7:      layout_basic, mainiacjoe_overflow_brackets,
          minmay_temple_entry_statues_fountains, sigmund_edmund_badplayer
D:8:      layout_rooms, minivault_22
Temple:   grunt_wide_crystal_templ

Skill      XL: |  1  2  3  4  5  6  7  8  9 |
---------------+----------------------------+-----
Fighting       | 1 2 3 |  3.3
Unarmed Combat | 4 5 6 8 |  8.3
Spellcasting   | 2 3 |  3.4
Dodging        | 2 3 4 |  4.1
Transmutations | 2 3 |  3.4
Throwing       | 1 |  1.7
Poison Magic   | 1 |  1.4
Stealth        | |  0.5

Action                   |  1- 3 |  4- 6 |  7- 9 || total
-------------------------+-------+-------+-------++-------
Melee: Unarmed           |    69 |    90 |   170 ||   329
       Kick              |    11 |     4 |     3 ||    18
       Headbutt          |     3 |     2 |     2 ||     7
       Punch             |       |       |     3 ||     3
Throw: Dart              |       |    17 |    26 ||    43
 Cast: Beastly Appendage |    18 |    10 |     3 ||    31
       Spider Form       |       |       |     3 ||     3
Evoke: Wand              |       |       |     2 ||     2
  Use: Potion            |     1 |     1 |     5 ||     7
Armor: Robe              |    19 |    16 |    37 ||    72
       Skin              |       |     1 |       ||     1
Dodge: Dodged            |    25 |    36 |   130 ||   191

Table legend: (Time is in decaauts)
 A = Elapsed time spent in this place.
 B = Non-inter-level travel time spent in this place.
 C = Inter-level travel time spent in this place.
 D = Time resting spent in this place.
 E = Time spent auto-exploring this place.
 F = Levels seen in this place.
 G = Mean time per level.
                   A        B        C        D        E       F      G
               +--------+--------+--------+--------+--------+-----+--------+
         Total |   6295 |   5861 |    434 |    333 |   4516 |   9 |  699.4 |
       Dungeon |   6259 |   5835 |    424 |    333 |   4516 |   8 |  782.4 |
        Temple |     35 |     25 |     10 |      0 |      0 |   1 |   35.0 |
               +--------+--------+--------+--------+--------+-----+--------+

Top non-repeatable levels by time:
     D:7: 1397 daAuts
     D:5: 1096 daAuts
     D:6: 1017 daAuts
     D:3: 814 daAuts
     D:2: 697 daAuts
     D:1: 547 daAuts
     D:4: 527 daAuts
     D:8: 162 daAuts
  Temple: 35 daAuts
